 Dungeon Crawl Stone Soup version 0.21.1-1-g345015f (webtiles) character file.

242992 Mesmaeker13 the Tortoise (level 19, -5/128 HPs)
             Began as a Gargoyle Monk on June 9, 2018.
             Was the Champion of the Shining One.
             Killed from afar by a rime drake (6 damage)
             ... with a flash freeze
             ... on level 4 of the Swamp.
             The game lasted 01:13:50 (34734 turns).

Mesmaeker13 the Tortoise (Gargoyle Monk)           Turns: 34734, Time: 01:13:53

Health: -5/128     AC: 35    Str: 20    XL:     19   Next: 85%
Magic:  26/26      EV: 11    Int: 13    God:    the Shining One [******]
Gold:   2674       SH: 33    Dex: 13    Spells: 18/18 levels left

rFire    . . .     SeeInvis .   R - +6 sacred scourge (holy)
rCold    + . .     Gourm    .   y - +2 large shield
rNeg     + + +     Faith    .   E - +3 chain mail {rC+}
rPois    ∞         Spirit   .   v - +0 helmet
rElec    +         Reflect  .   m - scarf {cloud immunity}
rCorr    .         Harm     .   (no gloves)
MR       +....                  s - +0 pair of boots
Stlth    ..........             M - amulet of regeneration
HPRegen  0.71/turn              (no ring)
MPRegen  0.20/turn              e - +3 ring of evasion

@: divine shield, about to teleport, glowing
A: big wings, negative energy resistance 1, electricity resistance, unbreathing,
petrification resistance, rot immunity, AC +14
}: 1/15 runes: serpentine
a: Fly, Divine Shield, Cleansing Flame, Summon Divine Warrior, Renounce Religion


You were on level 4 of the Swamp.
You worshipped the Shining One.
The Shining One was exalted by your worship.
You were not hungry.

You visited 6 branches of the dungeon, and saw 32 of its levels.
You also visited: Bailey.

You collected 3778 gold pieces.
You spent 1104 gold pieces at shops.

Inventory:

Hand Weapons
 b - the +11 broad axe "Ylejiet" {antimagic, rN++ Str+3 Stlth-}
   (You bought it in a shop on level 2 of the Orcish Mines)

   It reduces the magical energy of the wielder, and disrupts the spells and
   magical abilities of those hit.
   Natural abilities and divine invocations are not affected.
   It affects your strength (+3).
   It greatly protects you from negative energy.
   It makes you less stealthy.
 R - a +6 sacred scourge of holy wrath (weapon)
Missiles
 n - 8 javelins (quivered)
 O - 2 silver javelins
Armour
 m - a scarf of cloud immunity (worn)
 s - a +0 pair of boots (worn)
 u - a +0 shield of reflection
 v - a +0 helmet (worn)
 y - a +2 large shield (worn)
 E - a +3 chain mail of cold resistance (worn)
Jewellery
 e - a +3 ring of evasion (right hand)
 q - an uncursed ring of fire
 A - an uncursed ring of ice
 G - a +2 amulet of reflection
 J - a +5 amulet of reflection
 M - an amulet of regeneration (around neck)
Wands
 h - a wand of paralysis (54)
 z - a wand of iceblast (14)
 D - a wand of enslavement (14)
 F - a wand of flame (28)
 H - a wand of digging (26)
 I - a wand of acid (6)
Scrolls
 f - 6 scrolls of magic mapping
 l - a scroll of identify
 o - a scroll of enchant armour
 r - 8 scrolls of teleportation
 C - 13 scrolls of remove curse
 L - a scroll of fear
 P - a scroll of amnesia
Potions
 d - 4 potions of agility
 i - 2 potions of ambrosia
 j - 2 potions of brilliance
 k - 3 potions of might
 p - 6 potions of berserk rage
 t - 6 potions of haste
 B - 4 potions of curing
 N - a potion of cancellation
 Q - 3 potions of heal wounds
Miscellaneous
 a - a fan of gales
 g - a lightning rod (4/4)
Comestibles
 c - 23 rations


   Skills:
 - Level 17.1 Fighting
 - Level 9.6(12.4) Axes
 + Level 13.8(15.0) Maces & Flails
 + Level 4.5 Throwing
 + Level 17.3 Armour
 - Level 3.5 Dodging
 - Level 2.1 Stealth
 + Level 17.0 Shields
 - Level 10.6 Invocations


You had 18 spell levels left.
You didn't know any spells.

Dungeon Overview and Level Annotations

Branches:
Dungeon (15/15)            Temple (1/1) D:5            Lair (6/6) D:10
  Swamp (4/4) Lair:3        Snake (4/4) Lair:4        Slime (0/5) Lair:6
    Orc (2/2) D:10            Elf (0/3) Orc:2        Vaults (0/5) D:13
 Depths (0/5) D:15

Altars:
Ashenzari
Cheibriados
Dithmenos
Elyvilon
Fedhas
Gozag
Hepliaklqana
Kikubaaqudgha
Makhleb
Nemelex Xobeh
Okawaru
Qazlal
Ru
Sif Muna
Trog
Uskayaw
Vehumet
Wu Jian
Xom
Yredelemnul
Zin
The Shining One
Beogh

Shops:
D:13 :   Orc:2 (:[*   Snake:2 %*

Annotations:
D:13 exclusion: 2 oklob plants
D:14 2 runed doors, exclusion: door
Lair:4 exclusion: 2 oklob plants
Snake:4 1 exclusion


Innate Abilities, Weirdness & Mutations

You are resistant to torment.
Your stone body is resilient. (AC +14)
You are immune to poison.
Your large and strong wings let you fly indefinitely.
You resist negative energy. (rN+)
You are resistant to electric shocks. (rElec)
You can survive without breathing.
You are immune to petrification.
You are immune to rotting.


Message History

The swamp drake breathes noxious fumes at you.
The noxious blast engulfs the thorn hunter.
The thorn hunter appears unharmed.
All of the chunks of flesh in your inventory have rotted away.
As you read the scroll of teleportation, it crumbles to dust.
You feel strangely unstable. You block the thorn hunter's attack. x2
A swamp dragon comes into view.
The thorn hunter fires a volley of thorns at you.
The volley of thorns hits you!
* * * LOW HITPOINT WARNING * * *
Things that are here:
a hydra corpse x2
You feel much better.
The swamp dragon roars deafeningly!
The thorn hunter fires a volley of thorns at you.
The volley of thorns hits you!
* * * LOW HITPOINT WARNING * * *
The rime drake breathes ice at you. The flash freeze hits you!
You partially resist.
You die...

.♣♣♣♣♣♣♣ ≈≈≈≈
§≈≈♣.≈..♣♣♣♣♣.≈≈
≈≈.[).≈.≈♣≈.≈≈≈≈.§ ≈.....≈
≈≈≈..D..≈♣≈≈≈≈≈≈≈. ≈≈≈.≈≈.♣
!§≈.♣..≈.♣.≈≈≈≈≈≈≈♣≈≈≈.§§≈♣
.D≈≈≈$§≈.≈≈.... ..♣....≈≈≈
.≈≈≈..≈≈§≈k♣♣♣♣♣ ♣...≈≈..
#.≈≈....≈§PP†.≈♣ ♣≈≈≈≈≈
##.≈≈≈≈≈§PDf@.♣♣♣♣≈≈≈♣
#♣≈≈≈≈≈§kP♣♣♣♣♣≈≈†.≈♣♣♣♣♣♣
##≈.≈.≈§P§.♣♣♣≈..♣♣♣♣...♣♣
#§..♣.(≈≈≈.≈♣..♣♣♣♣♣≈≈≈.♣
#.....≈≈≈≈.....≈≈.♣≈≈≈≈♣♣
♣.≈..≈≈≈≈.♣.≈≈...≈≈≈♣≈..♣ ♣
♣≈.♣.≈≈.≈≈≈♣≈≈≈≈≈≈..≈♣♣≈.♣♣♣
≈≈♣♣♣≈≈.≈♣♣♣≈≈≈≈≈≈≈≈≈≈≈≈≈≈..
♣.≈≈≈♣♣..≈.≈≈≈≈≈≈≈.≈≈≈≈≈


You could see a thorn hunter, a five-headed hydra, a swamp dragon, a rime drake
and a swamp drake.

Vanquished Creatures
  Mara (Swamp:3)
  A tentacled monstrosity (Swamp:3)
  Kirke (Snake:3)
  A thorn hunter (Swamp:1)
  Donald (Snake:4)
  9 nagarajas
  Aizul (Snake:4)
  An orc warlord (Orc:2)
  2 dire elephants (Lair:6)
  An ettin (D:13)
  Snorg (Lair:6)
  Fannar (Lair:2)
  4 vault guards (D:13)
  16 naga warriors
  2 catoblepae
  2 ghost crabs
  20 hydras
  15 anacondas
  5 alligators
  5 centaur warriors
  A death knight (D:13)
  The ghost of Tiareth the Thaumaturge, a journeyman DEWz of Cheibriados (Lair:3)
  A deep troll shaman (Lair:6)
  6 two-headed ogres
  An ogre mage (D:15)
  5 death yaks
  Urug (D:15)
  A queen ant (D:11)
  11 shock serpents
  4 orc high priests
  9 naga sharpshooters
  Nergalle (Lair:4)
  8 salamander mystics
  5 sea snakes (Snake:2)
  2 unseen horrors
  A necromancer (D:13)
  Pikel (D:5)
  7 swamp dragons
  2 spriggan druids (Swamp:3)
  5 naga ritualists
  2 deep elf magi
  4 orc knights
  A lindwurm (Lair:3)
  4 orc sorcerers (Orc:2)
  24 ugly things
  9 mana vipers
  16 salamanders
  9 cyclopes
  2 manticores
  9 guardian serpents
  36 black mambas
  13 elephants
  2 torpor snails
  6 centaur skeletons
  20 spiny frogs
  13 naga magi
  2 rime drakes
  2 kobold demonologists (D:15)
  3 efreet
  10 komodo dragons
  2 ice devils (Lair:3)
  The ghost of Theowulf the Caller, a novice DESu of Sif Muna (D:8)
  5 trolls
  3 meliai (D:13)
  A queen bee (D:13)
  8 blink frogs
  4 bog bodies
  2 polar bears (Lair:6)
  6 hornets
  4 tyrant leeches
  28 slime creatures
  7 dream sheep
  9 hippogriffs
  A meliai zombie (D:13)
  Sigmund (D:5)
  A shadow (Swamp:1)
  2 tarantellas (shapeshifter) (D:15)
  A wraith (D:14)
  A vampire (D:12)
  6 spriggans
  A water elemental (D:15)
  A fire elemental (D:15)
  4 wyverns
  21 yaks
  4 basilisks
  3 hogs
  4 hungry ghosts
  A steam dragon (D:13)
  18 vampire mosquitoes
  15 swamp worms
  2 wargs (Orc:2)
  57 nagas
  20 soldier ants (D:11)
  20 water moccasins
  2 acid dragons
  5 porcupines
  6 swamp drakes
  A slave (D:5)
  4 ice beasts
  A black bear (Lair:6)
  32 orc warriors
  2 eyes of draining
  4 phantoms
  6 sky beasts
  9 centaurs
  5 boggarts (D:15)
  12 ogres
  11 wolves
  8 crocodiles
  2 big kobolds
  9 gnoll sergeants
  11 bullfrogs
  7 scorpions
  40 killer bees
  7 wights
  An electric eel (Snake:2)
  10 jellies
  13 crimson imps
  8 howler monkeys
  3 bullfrog zombies
  4 quasits
  5 centaur zombies
  6 gnoll shamans (Bailey)
  22 orc priests
  9 hounds
  Natasha (twice) (D:4)
  4 iguanas
  25 orc wizards
  32 worker ants
  3 hell rats (Lair:3)
  A killer bee zombie (D:8)
  2 hound zombies
  A hound skeleton (D:10)
  A worker ant zombie (D:10)
  14 gnolls (Bailey)
  10 adders
  5 river rats (Lair:3)
  5 shadow imps
  6 oozes
  3 worms
  2 dart slugs
  5 leopard geckos
  97 orcs
  5 ball pythons
  3 giant cockroaches
  12 hobgoblins
  8 jackals
  5 quokkas
  8 bats
  4 frilled lizards
  6 goblins
  15 kobolds
  A leopard gecko skeleton (D:6)
  A quokka skeleton (D:5)
  10 rats
  A briar patch (Swamp:4)
1176 creatures vanquished.

Vanquished Creatures (others)
  A guardian serpent (Snake:4)
  A rime drake (Swamp:4)
  A spriggan (Swamp:2)
  A human (D:9)
  A swamp worm (Swamp:1)
  A slave (D:5)
  An adder (D:5)
  2 briar patches (Swamp:4)
  6 fungi
  14 plants
29 creatures vanquished.

Grand Total: 1205 creatures vanquished

Notes
Turn   | Place    | Note
-------+----------+-------------------------------------------
     0 | D:1      | Mesmaeker13 the Gargoyle Monk began the quest for the Orb.
     0 | D:1      | Reached XP level 1. HP: 14/14 MP: 1/1
   177 | D:1      | Reached XP level 2. HP: 12/19 MP: 2/2
   771 | D:2      | Reached XP level 3. HP: 17/24 MP: 3/3
   917 | D:2      | Reached XP level 4. HP: 28/29 MP: 4/4
   947 | D:2      | Found a faded altar of an unknown god.
  1247 | D:2      | Found a blossoming altar of Fedhas.
  1940 | D:3      | Reached XP level 5. HP: 33/34 MP: 5/5
  2444 | D:4      | Reached skill level 1 in Armour
  2444 | D:4      | Reached XP level 6. HP: 38/40 MP: 6/6
  2471 | D:4      | Reached skill level 5 in Fighting
  2932 | D:4      | Noticed a phantom
  2954 | D:4      | Killed a phantom
  2954 | D:4      | Reached skill level 5 in Maces & Flails
  2954 | D:4      | Reached XP level 7. HP: 45/45 MP: 7/7
  2971 | D:4      | Noticed Natasha
  2979 | D:4      | Killed Natasha
  3211 | D:4      | Noticed Natasha
  3218 | D:4      | Killed Natasha
  3218 | D:4      | Reached skill level 1 in Shields
  4125 | D:3      | Reached XP level 8. HP: 51/51 MP: 8/8
  4273 | D:5      | Entered Level 5 of the Dungeon
  4273 | D:5      | Found a staircase to the Ecumenical Temple.
  4289 | Temple   | Entered the Ecumenical Temple
  4324 | Temple   | Became a worshipper of the Shining One
  4324 | Temple   | Reached * piety under the Shining One
  4324 | Temple   | Reached ** piety under the Shining One
  4604 | D:5      | Noticed Pikel
  4637 | D:5      | Killed Pikel
  4637 | D:5      | Reached skill level 5 in Armour
  4687 | D:5      | Noticed Sigmund
  4697 | D:5      | Killed Sigmund
  4784 | D:5      | Reached XP level 9. HP: 57/57 MP: 9/9
  4956 | D:5      | Found a shimmering altar of Xom.
  4962 | D:5      | Paralysed by an orc for 5 turns
  5078 | D:5      | Found an opulent altar of Gozag.
  5399 | D:6      | Reached skill level 5 in Shields
  6020 | D:7      | Got a dazzling scale mail
  6031 | D:7      | Identified the cursed +1 scale mail "Ofott" {rElec rC- MR+ rCorr} (You found it on level 7 of the Dungeon)
  6744 | D:8      | Found a radiant altar of Vehumet.
  7044 | D:8      | Reached *** piety under the Shining One
  7481 | D:9      | Reached XP level 10. HP: 55/65 MP: 10/10
  7613 | D:9      | Found a runed door.
  7623 | D:9      | Found a basalt altar of Yredelemnul.
  8210 | D:10     | Entered Level 10 of the Dungeon
  8258 | D:10     | Reached skill level 1 in Invocations
  8310 | D:10     | The Shining One protects you from harm!
  8388 | D:10     | Found a staircase to the Lair.
  8637 | D:10     | Reached **** piety under the Shining One
  8639 | D:10     | Found an iron altar of Okawaru.
  8887 | D:10     | Found a roughly hewn altar of Beogh.
  8887 | D:10     | Found a staircase to the Orcish Mines.
  9141 | Lair:1   | Entered Level 1 of the Lair of Beasts
  9152 | Lair:1   | Reached XP level 11. HP: 72/72 MP: 13/13
  9534 | Lair:1   | Noticed an eight-headed hydra
  9549 | Lair:1   | Killed an eight-headed hydra
  9597 | Lair:1   | Reached skill level 10 in Fighting
 10055 | Lair:2   | Noticed a death yak
 10079 | Lair:1   | Killed a death yak
 10095 | Lair:2   | Noticed a death yak
 10109 | Lair:1   | Reached skill level 5 in Invocations
 10249 | Lair:2   | Killed a death yak
 10463 | Lair:2   | Noticed Fannar
 10512 | Lair:2   | Killed Fannar
 10762 | Lair:2   | Noticed a six-headed hydra
 10786 | Lair:2   | Killed a six-headed hydra
 10965 | Lair:2   | Reached XP level 12. HP: 77/79 MP: 16/16
 11018 | Lair:2   | Reached skill level 10 in Maces & Flails
 11393 | Lair:2   | Noticed an eight-headed hydra
 11542 | Lair:1   | Killed an eight-headed hydra
 11635 | Lair:2   | Reached skill level 10 in Armour
 12471 | Lair:3   | Found a frozen archway.
 12659 | Lair:3   | Noticed Tiareth's ghost (journeyman DEWz)
 12703 | Lair:3   | Killed Tiareth's ghost
 12730 | Lair:3   | Reached skill level 10 in Shields
 13139 | Lair:3   | Found a staircase to the Swamp.
 13320 | Lair:4   | Identified a scroll of acquirement
 13455 | Lair:4   | Reached XP level 13. HP: 85/85 MP: 18/18
 13588 | Lair:4   | Noticed Nergalle
 13608 | Lair:4   | Killed Nergalle
 13660 | Lair:4   | Found a staircase to the Snake Pit.
 15040 | Lair:6   | Entered Level 6 of the Lair of Beasts
 15043 | Lair:6   | Noticed a dire elephant
 15084 | Lair:6   | Killed a dire elephant
 15219 | Lair:6   | Found a staircase to the Slime Pits.
 15308 | Lair:6   | Reached ***** piety under the Shining One
 15734 | Lair:6   | Gained mutation: Your large and strong wings let you fly indefinitely. [Gargoyle growth]
 15734 | Lair:6   | Reached XP level 14. HP: 92/92 MP: 21/21
 16422 | Lair:6   | Noticed Snorg
 16447 | Lair:6   | Killed Snorg
 16527 | Lair:6   | Noticed a dire elephant
 16546 | Lair:6   | Killed a dire elephant
 16988 | Orc:1    | Entered Level 1 of the Orcish Mines
 17008 | D:10     | Reached skill level 10 in Invocations
 17105 | Orc:1    | Found a flagged portal.
 17128 | Bailey   | Entered a bailey
 17665 | Orc:2    | Entered Level 2 of the Orcish Mines
 18080 | Orc:2    | Found a roughly hewn altar of Beogh.
 18303 | Orc:2    | Found a staircase to the Elven Halls.
 18413 | Orc:2    | Noticed an orc warlord
 18423 | Orc:2    | Killed an orc warlord
 18493 | Orc:2    | Reached ****** piety under the Shining One
 18860 | Orc:2    | Found Qozer's Antique Armour Boutique.
 18861 | Orc:2    | Found Vaytotreng's Antique Weapon Shop.
 18862 | Orc:2    | Found Bolumyer's General Store.
 18862 | Orc:2    | Found Izi Nyn's Book Boutique.
 18878 | Orc:2    | Bought a twisted plate armour for 644 gold pieces
 18878 | Orc:2    | Bought a glowing large shield for 172 gold pieces
 18902 | Orc:2    | Identified the cursed +0 plate armour of Hedge Wizardry {Int+6} (You bought it in a shop on level 2 of the Orcish Mines)
 19194 | Orc:2    | Bought a brightly glowing broad axe for 288 gold pieces
 19806 | D:11     | Reached XP level 15. HP: 99/99 MP: 22/22
 20197 | D:12     | Identified the +11 broad axe "Ylejiet" {antimagic, rN++ Str+3 Stlth-} (You bought it in a shop on level 2 of the Orcish Mines)
 20549 | D:13     | Found Usewkon's Book Boutique.
 20572 | D:13     | Reached skill level 1 in Axes
 20689 | D:13     | Found a gate to the Vaults.
 21910 | D:14     | Found a runed warning-scrawled door.
 22357 | D:14     | Found a runed door.
 22358 | D:14     | Found a runed door.
 22678 | D:15     | Entered Level 15 of the Dungeon
 22975 | D:15     | Reached skill level 5 in Axes
 22975 | D:15     | Reached XP level 16. HP: 107/107 MP: 7/23
 23029 | D:15     | Noticed Urug
 23043 | D:15     | Killed Urug
 23043 | D:15     | Reached XP level 17. HP: 85/112 MP: 8/24
 23313 | D:15     | Reached skill level 15 in Fighting
 23594 | D:15     | Found a staircase to the Depths.
 24006 | Snake:1  | Entered Level 1 of the Snake Pit
 25080 | Snake:2  | Reached skill level 15 in Armour
 25198 | Snake:2  | Found Comoit's Assorted Antiques.
 25198 | Snake:2  | Found Adghin's Food Shoppe.
 26315 | Snake:3  | Reached skill level 15 in Shields
 26429 | Snake:3  | Reached XP level 18. HP: 91/120 MP: 25/25
 27586 | Snake:4  | Entered Level 4 of the Snake Pit
 27588 | Snake:4  | Noticed Kirke
 27938 | Snake:3  | Killed Kirke
 27987 | Snake:4  | Noticed Donald
 28010 | Snake:4  | Killed Donald
 29267 | Snake:4  | Noticed Aizul
 29286 | Snake:4  | Killed Aizul
 29596 | Snake:4  | Reached XP level 19. HP: 61/127 MP: 8/26
 30210 | Snake:4  | Got a serpentine rune of Zot
 30537 | Swamp:1  | Entered Level 1 of the Swamp
 31006 | Swamp:1  | Reached skill level 1 in Throwing
 32950 | Swamp:3  | Noticed a tentacled monstrosity
 32967 | Swamp:3  | Noticed Mara
 32982 | Swamp:3  | Noticed Mesmaeker13's illusion
 33287 | Swamp:3  | Killed a tentacled monstrosity
 33440 | Swamp:3  | Noticed Mesmaeker13's illusion
 33443 | Swamp:3  | Killed Mara
 33971 | D:8      | Noticed Theowulf's ghost (novice DESu)
 33981 | D:8      | Killed Theowulf's ghost
 34050 | Temple   | Identified a sacred scourge of holy wrath {god gift} (a demon whip of venom blessed by the Shining One)
 34050 | Temple   | Received a gift from the Shining One
 34362 | Swamp:4  | Entered Level 4 of the Swamp
 34733 | Swamp:4  | HP: 5/128 [thorn hunter/volley of thorns (38)]
 34734 | Swamp:4  | HP: 1/128 [thorn hunter/volley of thorns (17)]
 34734 | Swamp:4  | Killed from afar by a rime drake

Skill      XL: |  1  2  3  4  5  6  7  8  9 10 11 12 13 14 15 16 17 18 19 |
---------------+----------------------------------------------------------+-----
Fighting       | 4 5 6 7 8 9 10 11 12 13 14 15 16 17 | 17.1
Dodging        | 3 |  3.5
Maces & Flails | 4 5 6 7 8 9 10 11 12 13 | 13.8
Armour         | 1 2 3 5 7 8 9 10 11 12 14 15 16 17 | 17.3
Shields        | 2 4 6 7 9 10 11 12 13 15 16 17 | 17.0
Invocations    | 3 5 7 9 10 | 10.6
Axes           | 5 8 9 |  9.6
Throwing       | 4 |  4.5
Stealth        | |  2.1

Action                   |  1- 3 |  4- 6 |  7- 9 | 10-12 | 13-15 | 16-18 | 19-21 || total
-------------------------+-------+-------+-------+-------+-------+-------+-------++-------
Melee: Mace              |    70 |   201 |    22 |       |       |       |       ||   293
       Flail             |       |       |   249 |   691 |       |       |       ||   940
       Whip              |       |       |   154 |       |       |       |       ||   154
       Morningstar       |       |       |       |    45 |       |       |       ||    45
       Eveningstar       |       |       |       |    27 |  1221 |   670 |   399 ||  2317
       Broad axe         |       |       |       |       |   369 |   601 |   152 ||  1122
       Sacred scourge    |       |       |       |       |       |       |   181 ||   181
Throw: Javelin           |       |       |       |       |       |       |     7 ||     7
Invok: Divine Shield     |       |       |       |     2 |       |     2 |     1 ||     5
       Cleansing Flame   |       |       |       |     1 |       |     2 |       ||     3
       Summon Divine War |       |       |       |       |       |       |     1 ||     1
       Brand Weapon With |       |       |       |       |       |       |     1 ||     1
 Abil: Fly               |       |       |       |       |     1 |       |       ||     1
       Stop Flying       |       |       |       |       |       |     1 |       ||     1
Evoke: Wand              |       |       |       |     7 |     8 |       |     1 ||    16
       Lightning rod     |       |       |       |     3 |     3 |     1 |       ||     7
       Phantom mirror    |       |       |       |       |     1 |       |       ||     1
  Use: Scroll            |     6 |     4 |     5 |    11 |    16 |     8 |     5 ||    55
       Potion            |       |     1 |       |     8 |     5 |     6 |     3 ||    23
 Stab: Sleeping          |     3 |     1 |       |       |       |       |       ||     4
  Eat: Chunk             |     3 |    14 |    19 |     7 |    29 |    18 |     8 ||    98
       Ration            |       |       |       |     2 |     2 |     2 |     3 ||     9
Armor: Robe              |    17 |       |       |       |       |       |       ||    17
       Ring mail         |     9 |    46 |       |       |       |       |       ||    55
       Scale mail        |       |    25 |    30 |    32 |       |       |       ||    87
       Chain mail        |       |    24 |   139 |   327 |   740 |   571 |   327 ||  2128
       Skin              |       |     2 |       |       |       |       |       ||     2
Dodge: Dodged            |    53 |    87 |   113 |   251 |   553 |   386 |   209 ||  1652
Block: Buckler           |     3 |    22 |       |       |       |       |       ||    25
       Shield            |       |       |   178 |   428 |   574 |       |       ||  1180
       Large shield      |       |       |       |       |   741 |  1608 |   753 ||  3102
